 Dungeon Crawl Stone Soup version 0.29-a0-384-g6960b1960d (webtiles) character file.

Game seed: 1211968295518879758

901 siradein the Conjurer (level 7, -13/52 HPs)
             Began as a Demonspawn Conjurer on May 7, 2022.
             Killed from afar by Dowan (15 damage)
             ... with a stone arrow
             ... on level 4 of the Dungeon.
             The game lasted 00:16:37 (5665 turns).

siradein the Conjurer (Demonspawn Conjurer)         Turns: 5665, Time: 00:16:39

Health: -13/52     AC:  3    Str:  7    XL:     7   Next: 80%
Magic:  0/13       EV: 13    Int: 21    God:
Gold:   234        SH:  4    Dex: 12    Spells: 8/15 levels left

rFire   . . .      SeeInvis .   s - +0 double sword (protect)
rCold   . . .      Faith    .   (no shield)
rNeg    + . .      Spirit   .   j - +0 robe {rN+}
rPois   .          Reflect  .   (helmet restricted)
rElec   .          Harm     .   (no cloak)
rCorr   .          Rampage  .   p - +0 pair of gloves
Will    .....                   (no boots)
Stlth   ++........              (no amulet)
HPRegen 0.17/turn               (no ring)
MPRegen 0.13/turn               (no ring)

@: no status effects
A: antennae 2, large bone plates 1
a: no special abilities


You were on level 4 of the Dungeon.
You visited 1 branch of the dungeon, and saw 4 of its levels.
You also visited: Ossuary.

You collected 234 gold pieces.

Inventory:

Hand Weapons
 l - a +0 trident of venom
 s - a +0 double sword of protection (weapon)
Armour
 j - a +0 robe of positive energy (worn)
 p - a +0 pair of gloves (worn)
Scrolls
 a - a scroll of immolation
 c - a scroll of poison
 e - a scroll of fog
 f - a scroll of enchant armour {unknown}
 g - 2 scrolls of brand weapon {unknown}
 h - a scroll of amnesia {unknown}
 i - a scroll of enchant weapon {unknown}
 k - 2 scrolls of teleportation
 m - a scroll of vulnerability {unknown}
Potions
 b - 2 potions of magic
 n - 4 potions of haste {unknown}
 o - 4 potions of curing
 q - a potion of ambrosia {unknown}
 r - a potion of mutation {unknown}
 u - 2 potions of brilliance {unknown}


   Skills:
 + Level 3.1 Fighting
 + Level 3.6 Dodging
 - Level 1.7 Stealth
 + Level 4.5 Spellcasting
 + Level 6.0 Conjurations
 + Level 3.3 Hexes


You had 8 spell levels left.
You knew the following spells:

 Your Spells              Type           Power      Damage    Failure   Level
a - Magic Dart            Conj           100%       1d8       1%          1
b - Searing Ray           Conj           60%        2d6       1%          2
c - Fulminant Prism       Conj/Hex       12%        3d9       16%         4

Your spell library contained the following spells:

 Spells                   Type           Power      Damage    Failure   Level
 Dazzling Flash           Conj/Hex       48%        N/A       4%          3
 Blink                    Tloc           8%         N/A       17%         2
 Iskenderun's Mystic Bla  Conj/Tloc      17%        2d5       32%         4
 Manifold Assault         Tloc           4%         N/A       97%         5
 Storm Form               Tmut/Air       2%         N/A       100%        7


Dungeon Overview and Level Annotations

Branches:
Dungeon (4/15)            Ossuary (visited)
 Temple: D:4-7

Altars:
Gozag
Uskayaw
Wu Jian

Shops:
D:3 *

Annotations:
D:3 1 runed translucent door, Crazy Yiuf
D:4 Dowan, Edmund


Innate Abilities, Weirdness & Mutations

You have a pair of antennae on your head.
You are partially covered in large bone plates. (SH +4)


Message History

Dowan zaps a wand.
You resist with some effort. Dowan barely misses you.
You miss Dowan.
Dowan is severely wounded.
Dowan barely misses you.
Dowan points at you and mumbles some strange words.
The shard of ice hits you!
* * * LOW HITPOINT WARNING * * *
Dowan hits you but does no damage.
You miss Dowan.
Dowan is severely wounded.
Dowan zaps a wand.
You resist with some effort. You block Dowan's attack.
You miss Dowan.
Dowan is severely wounded.
Dowan hits you with a +0 dagger.
* * * LOW HITPOINT WARNING * * *
Dowan casts a spell at you. The stone arrow hits you.
* * * LOW HITPOINT WARNING * * *
You hit Dowan.
Your weapon exudes an aura of protection.
Dowan is almost dead.
Dowan closely misses you.
Dowan casts a spell.
Dowan blinks!
Casting: Magic Dart (safe; 1% risk of failure)
Confirm with . or Enter, or press ? or * to list all spells.
Aiming: Magic Dart (safe; 1% risk of failure)
Press: ? - help, Shift-Dir - straight line, f/p - Dowan
Aim: Dowan, wielding a +0 dagger, wearing a +0 robe and carrying a wand of polymorph (1) (almost dead, fast, 100% to hit)
The magic dart hits Dowan.
Dowan is almost dead.
Dowan casts a spell.
Dowan blinks!
You closely miss Dowan.
Dowan is almost dead.
Dowan hits you with a +0 dagger!
* * * LOW HITPOINT WARNING * * *
Dowan gestures at you while chanting. The stone arrow hits you!
You die...

#..###..#......
#......####.## ###.
#####..####.# ...
##....>..# ##.
#.###.#### #.. #.# #.# .
# #.. #.###.# ...#.#.#
##...## .......# ##@##
#.... #e# ##...
#########.## #...
#..........# #.##
#.####.###.# #. #.#
##.###.## ########.
#.###...##..####..e.....
#.##.....##...{..#####.e
#.#.......#...##.#


You could see Dowan (fast).

Vanquished Creatures
  Grinder (D:4)
  Duvessa (D:4)
  A phantom (D:3)
  An elf zombie (Ossuary)
  A scorpion (D:4)
  3 centaur zombies (Ossuary)
  A hound (D:4)
  2 human zombies (Ossuary)
  2 hound zombies (Ossuary)
  3 mummies (Ossuary)
  Robin (D:2)
  3 adders
  2 adder zombies (Ossuary)
  A worm (D:3)
  2 dart slugs
  7 ball pythons
  5 endoplasms
  4 giant cockroaches
  12 goblins
  7 hobgoblins
  5 kobolds
  2 quokkas
  5 bats
  2 frilled lizards (D:3)
  6 goblin zombies
  3 hobgoblin zombies (Ossuary)
  8 jackal zombies (Ossuary)
  5 kobold zombies (Ossuary)
  An orc zombie (Ossuary)
  4 quokka zombies (Ossuary)
  4 rats
  2 rat zombies (Ossuary)
107 creatures vanquished.

Notes
Turn   | Place    | Note
-------+----------+-------------------------------------------
     0 | D:1      | siradein the Demonspawn Conjurer began the quest for the
                  | Orb.
     0 | D:1      | Reached XP level 1. HP: 13/13 MP: 3/3
   349 | D:1      | Gained mutation: You are partially covered in large bone
                  | plates. (SH +4) [demonic ancestry]
   349 | D:1      | Reached XP level 2. HP: 19/19 MP: 3/5
   352 | D:1      | Learned a level 2 spell: Searing Ray
   422 | D:1      | Found a faded altar of an unknown god.
  1211 | D:2      | Noticed Robin
  1895 | D:1      | Reached XP level 3. HP: 13/24 MP: 4/7
  2034 | D:2      | Killed Robin
  2470 | D:2      | Gained mutation: You have a pair of small antennae on your
                  | head. [demonic ancestry]
  2470 | D:2      | Reached XP level 4. HP: 30/30 MP: 3/8
  2614 | D:2      | Learned a level 4 spell: Fulminant Prism
  2692 | D:3      | Found a hide-covered altar of Uskayaw.
  2706 | D:3      | Found an ornate altar of the Wu Jian Council.
  2862 | D:3      | Noticed a phantom
  2880 | D:3      | Killed a phantom
  2881 | D:3      | Reached skill level 1 in Fighting
  2881 | D:3      | Reached skill level 5 in Conjurations
  2881 | D:3      | Reached skill level 1 in Hexes
  2881 | D:3      | Gained mutation: You have a pair of antennae on your head.
                  | [demonic ancestry]
  2881 | D:3      | Reached XP level 5. HP: 22/37 MP: 1/10
  3310 | D:3      | Found Puntasewk's Assorted Antiques.
  3537 | D:3      | Found a runed translucent door.
  3538 | D:3      | Noticed Crazy Yiuf
  3797 | D:4      | Noticed Duvessa
  3824 | D:4      | Noticed Grinder
  3832 | D:4      | Paralysed by Grinder for 2 turns
  3852 | D:4      | Paralysed by Grinder for 2 turns
  3860 | D:4      | Paralysed by Grinder for 5 turns
  3866 | D:4      | Killed Grinder
  3867 | D:4      | Reached XP level 6. HP: 10/44 MP: 0/11
  3991 | D:4      | Identified the +0 scale mail "Cixkesusch" {rC+}
  4008 | D:4      | Noticed Edmund
  4080 | D:4      | Found an opulent altar of Gozag.
  4121 | D:4      | Found a sand-covered staircase.
  4128 | Ossuary  | Entered an ossuary
  4449 | Ossuary  | Reached XP level 7. HP: 43/51 MP: 2/13
  5629 | D:4      | Noticed Dowan
  5655 | D:4      | Killed Duvessa
  5656 | D:4      | Reached skill level 6 in Conjurations
  5665 | D:4      | HP: 2/52 [Dowan/+0 dagger (7)]
  5665 | D:4      | Killed from afar by Dowan

Illustrated notes

Levels and vault maps discovered:
D:1:      heliophobic_arrival_ceremonial_halls, layout_loops_ring,
          ebering_ecumenical_altar_hall, minivault_19
D:2:      layout_rooms, uniq_robin
D:3:      layout_basic, lemuel_tele_altar, nicolae_uskayaw_dance_hall,
          serial_shops, nicolae_shop_competitors_out_of_business,
          uniq_crazy_yiuf_cottage
D:4:      layout_loops_cross, lemuel_round_altar, enter_ossuary_4, serial_shops,
          nicolae_shop_bloodbath_and_beyond, minmay_ruptured, uniq_edmund,
          uniq_grinder, uniq_duvessa, uniq_blork_the_orc

Skill      XL: |  1  2  3  4  5  6  7 |
---------------+----------------------+-----
Spellcasting   | 3 4 |  4.5
Fighting       | 1 2 3 |  3.1
Dodging        | 2 3 |  3.6
Conjurations   | 5 6 |  6.0
Hexes          | 1 2 3 |  3.3
Stealth        | |  1.7

Action                   |  1- 3 |  4- 6 |  7- 9 || total
-------------------------+-------+-------+-------++-------
Melee: Short sword       |     2 |       |       ||     2
       Trident           |       |    17 |       ||    17
       Double sword      |       |       |    34 ||    34
 Cast: Magic Dart        |    51 |    84 |    68 ||   203
       Searing Ray       |     6 |    11 |    12 ||    29
  Use: Scroll            |       |     5 |     1 ||     6
       Potion            |       |       |     1 ||     1
Armor: Robe              |     1 |     3 |    29 ||    33
       Leather armour    |    11 |       |       ||    11
Dodge: Dodged            |    35 |    14 |    41 ||    90
Block: Other             |     7 |     5 |    16 ||    28

Table legend: (Time is in decaauts)
 A = Elapsed time spent in this place.
 B = Non-inter-level travel time spent in this place.
 C = Inter-level travel time spent in this place.
 D = Time resting spent in this place.
 E = Time spent auto-exploring this place.
 F = Levels seen in this place.
 G = Mean time per level.
                   A        B        C        D        E       F      G
               +--------+--------+--------+--------+--------+-----+--------+
         Total |   5693 |   5630 |     63 |   1114 |   3554 |   5 | 1138.6 |
       Dungeon |   4268 |   4205 |     63 |   1077 |   2378 |   4 | 1067.0 |
       Ossuary |   1424 |   1424 |      0 |     37 |   1176 |   1 | 1424.0 |
               +--------+--------+--------+--------+--------+-----+--------+

Top non-repeatable levels by time:
     D:1: 2008 daAuts
 Ossuary: 1424 daAuts
     D:3: 1175 daAuts
     D:2: 620 daAuts
     D:4: 464 daAuts
